HSSL
BROKEN ARROW HS @ FRESNO HS RED WINGS
05/05/2029
 
TOP OF THE 1ST
Broken Arrow HS batting - Pitching for Fresno HS Red Wings : LHP Carl Barker
Pitching: LHP Carl Barker
Batting: RHB Bo Long 0-0: Foul Ball, location: 2F
0-1: Ball
1-1: Ball
2-1: Ball
3-1: Ground out 6-3 (Groundball, 6)
Batting: RHB Donnie Bryan 0-0: Ground out 4-3 (Groundball, 4)
Batting: LHB Brian Lawson 0-0: Foul Ball, location: 2F
0-1: Called Strike
0-2: Strikes out looking
Top of the 1st over - 0 runs, 0 hits, 0 errors, 0 left on base; Broken Arrow HS 0 - Fresno HS 0
BOTTOM OF THE 1ST
Fresno HS Red Wings batting - Pitching for Broken Arrow HS : RHP Rod Jordan
Pitching: RHP Rod Jordan
Batting: RHB Mike Peterson 0-0: Ball
1-0: Called Strike
1-1: Called Strike
1-2: Hit by Pitch
Batting: RHB Darrell McCoy 0-0: Fly out, F7 (Flyball, 7)
Batting: RHB Steven Springer 0-0: Ball
1-0: Fly out, F8 (Flyball, 8RS)
Batting: SHB Xavier Stout 0-0: SINGLE (Line Drive, 56D)
Mike Peterson to second
Batting: RHB Bob Howard 0-0: Ball
1-0: SINGLE (Line Drive, 34D)
Mike Peterson to third
Xavier Stout to second
Runner from 3rd tries for Home, SAFE, no throw
Batting: RHB José Cómpoz 0-0: Ball
1-0: Ball
2-0: Called Strike
2-1: Swinging Strike
2-2: Foul Ball, location: 2F
2-2: Foul Ball, location: 2F
2-2: Ball
3-2: Ground out 6-3 (Groundball, 6S)
Bottom of the 1st over - 1 run, 2 hits, 0 errors, 2 left on base; Broken Arrow HS 0 - Fresno HS 1
TOP OF THE 2ND
Broken Arrow HS batting - Pitching for Fresno HS Red Wings : LHP Carl Barker
Batting: RHB Alejandro Vélez 0-0: Called Strike
0-1: Foul Ball, location: 2F
0-2: Fly out, F9 (Flyball, 89M)
Batting: LHB James Carlson 0-0: Called Strike
0-1: Ball
1-1: Ball
2-1: Foul Ball, location: 2F
2-2: Foul Ball, location: 2F
2-2: Ground out 1-3 (Groundball, 15)
Batting: RHB Paul Dowd 0-0: Foul Ball, location: 2F
0-1: Foul Ball, location: 2F
0-2: SINGLE (Flyball, 9LS)
Batting: RHB James Thompson 0-0: Called Strike
0-1: Ball
1-1: Foul Ball, location: 2F
1-2: Ball
2-2: Ball
3-2: Strikes out swinging
Top of the 2nd over - 0 runs, 1 hit, 0 errors, 1 left on base; Broken Arrow HS 0 - Fresno HS 1
BOTTOM OF THE 2ND
Fresno HS Red Wings batting - Pitching for Broken Arrow HS : RHP Rod Jordan
Batting: RHB Chris Myers 0-0: Ball
1-0: Foul Ball, location: 2F
1-1: Ball
2-1: Foul Ball, location: 2F
2-2: Foul Ball, location: 2F
2-2: Foul Ball, location: 2F
2-2: Ball
3-2: Strikes out swinging
Batting: RHB Adrián Velásquez 0-0: Called Strike
0-1: Ball
1-1: Ball
2-1: Foul Ball, location: 2F
2-2: Strikes out swinging
Batting: RHB Luis Mata 0-0: Ball
1-0: Fly out, F8 (Flyball, 8LS)
Bottom of the 2nd over - 0 runs, 0 hits, 0 errors, 0 left on base; Broken Arrow HS 0 - Fresno HS 1
TOP OF THE 3RD
Broken Arrow HS batting - Pitching for Fresno HS Red Wings : LHP Carl Barker
Batting: RHB Keith Dailey 0-0: Called Strike
0-1: Called Strike
0-2: Fly out, F3 (Popup, 3S)
Batting: RHB Ramón Santos 0-0: Ground out 4-3 (Groundball, 4)
Batting: RHB Bo Long 0-0: Called Strike
0-1: Ball
1-1: Foul Ball, location: 2F
1-2: Ground out U3 (Groundball, 34S)
Top of the 3rd over - 0 runs, 0 hits, 0 errors, 0 left on base; Broken Arrow HS 0 - Fresno HS 1
BOTTOM OF THE 3RD
Fresno HS Red Wings batting - Pitching for Broken Arrow HS : RHP Rod Jordan
Batting: RHB Mike Peterson 0-0: Foul Ball, location: 2F
0-1: Ball
1-1: Ball
2-1: Foul Ball, location: 2F
2-2: Ball
3-2: Base on Balls
Batting: RHB Darrell McCoy 0-0: Foul Ball, location: 2F
0-1: Foul Ball, location: 2F
0-2: Strikes out looking
Batting: RHB Steven Springer 0-0: Ball
Mike Peterson steals 2nd base
1-0: Ball
2-0: Called Strike
2-1: Foul Ball, location: 2F
2-2: Strikes out swinging
Batting: SHB Xavier Stout 0-0: Ball
1-0: Swinging Strike
1-1: Ball
2-1: Swinging Strike
2-2: Ball
3-2: SINGLE (Groundball, 5D)
Mike Peterson to third
Mike Peterson scores
Batting: RHB Bob Howard 0-0: Fly out, F4 (Line Drive, 4)
Bottom of the 3rd over - 1 run, 1 hit, 0 errors, 1 left on base; Broken Arrow HS 0 - Fresno HS 2
TOP OF THE 4TH
Broken Arrow HS batting - Pitching for Fresno HS Red Wings : LHP Carl Barker
Batting: RHB Donnie Bryan 0-0: Ball
1-0: Called Strike
1-1: Ball
2-1: Ball
3-1: Called Strike
3-2: Fly out, F4 (Popup, 4M)
Batting: LHB Brian Lawson 0-0: Called Strike
0-1: Called Strike
0-2: Foul Ball, location: 2F
0-2: Ball
1-2: Ball
2-2: Ball
3-2: Strikes out looking
Batting: RHB Alejandro Vélez 0-0: Called Strike
0-1: Ball
1-1: Fly out, F9 (Flyball, 89M)
Top of the 4th over - 0 runs, 0 hits, 0 errors, 0 left on base; Broken Arrow HS 0 - Fresno HS 2
BOTTOM OF THE 4TH
Fresno HS Red Wings batting - Pitching for Broken Arrow HS : RHP Rod Jordan
Batting: RHB José Cómpoz 0-0: Ball
1-0: Ball
2-0: Called Strike
2-1: Ball
3-1: Base on Balls
Batting: RHB Chris Myers 0-0: Fly out, F8 (Flyball, 8RM)
Batting: RHB Adrián Velásquez 0-0: Called Strike
0-1: Ball
1-1: Foul Ball, location: 2F
1-2: Ball
Wild Pitch!
José Cómpoz to second
2-2: SINGLE (Groundball, 4D)
José Cómpoz to third
Runner from 3rd tries for Home, throw and OUT!
Adrián Velásquez to second
Batting: RHB Luis Mata 0-0: Ball
1-0: Called Strike
1-1: Foul Ball, location: 2F
1-2: Foul Ball, location: 2F
1-2: Strikes out looking
Bottom of the 4th over - 0 runs, 1 hit, 0 errors, 1 left on base; Broken Arrow HS 0 - Fresno HS 2
TOP OF THE 5TH
Broken Arrow HS batting - Pitching for Fresno HS Red Wings : LHP Carl Barker
Batting: LHB James Carlson 0-0: Called Strike
0-1: SINGLE (Groundball, 34D)
Batting: RHB Paul Dowd 0-0: Called Strike
0-1: Fly out, F8 (Flyball, 8RD)
Batting: RHB James Thompson 0-0: Called Strike
0-1: Ball
1-1: Swinging Strike
1-2: DOUBLE (Line Drive, 7LM)
James Carlson to third
Batting: RHB Keith Dailey 0-0: Foul Ball, location: 2F
0-1: Ball
1-1: Swinging Strike
1-2: Foul Ball, location: 2F
1-2: SINGLE (Groundball, 6MD)
James Carlson scores
James Thompson to third
Batting: RHB Ramón Santos 0-0: Foul Ball, location: 2F
0-1: Ball
1-1: Ball
2-1: Foul Ball, location: 2F
2-2: Strikes out swinging
Batting: RHB Bo Long 0-0: Ball
1-0: Called Strike
1-1: Foul Ball, location: 2F
1-2: Strikes out swinging
Top of the 5th over - 1 run, 3 hits, 0 errors, 2 left on base; Broken Arrow HS 1 - Fresno HS 2
BOTTOM OF THE 5TH
Fresno HS Red Wings batting - Pitching for Broken Arrow HS : RHP Rod Jordan
Batting: RHB Mike Peterson 0-0: Swinging Strike
0-1: Ball
1-1: Ball
2-1: Ball
3-1: Fly out, F8 (Flyball, 8LS)
Batting: RHB Darrell McCoy 0-0: Ball
1-0: SINGLE (Flyball, 9LS)
Batting: RHB Steven Springer 0-0: Ball
1-0: Ball
2-0: Called Strike
2-1: Ball
3-1: Base on Balls
Darrell McCoy to second
Pitching: LHP Arturo Rea
Batting: SHB Xavier Stout 0-0: Called Strike
0-1: Ball
1-1: Ball
2-1: Ball
3-1: Foul Ball, location: 2F
3-2: Base on Balls
Darrell McCoy to third
Steven Springer to second
Batting: RHB Bob Howard 0-0: Ball
1-0: Ball
2-0: Ball
3-0: Called Strike
3-1: Base on Balls
Darrell McCoy scores
Steven Springer to third
Xavier Stout to second
Batting: RHB José Cómpoz 0-0: Called Strike
0-1: Ball
1-1: Grounds into double play, 6-4-3 (Groundball, 6)
Bottom of the 5th over - 1 run, 1 hit, 0 errors, 2 left on base; Broken Arrow HS 1 - Fresno HS 3
TOP OF THE 6TH
Broken Arrow HS batting - Pitching for Fresno HS Red Wings : LHP Carl Barker
Batting: RHB Donnie Bryan 0-0: SINGLE (Flyball, 9S)
Batting: LHB Brian Lawson 0-0: Called Strike
0-1: Ball
1-1: Ball
2-1: Ball
3-1: Ground out 4-3 (Groundball, 34)
Donnie Bryan to second
Batting: RHB Alejandro Vélez 0-0: Foul Ball, location: 2F
0-1: Ball
1-1: TRIPLE (Flyball, 9D)
Donnie Bryan scores
Pitching: RHP Ronald Simmons
Batting: LHB James Carlson 0-0: Called Strike
0-1: Called Strike
0-2: SINGLE (Flyball, 8RS)
Alejandro Vélez scores
Batting: RHB Paul Dowd 0-0: Ball
1-0: Ball
2-0: Foul Ball, location: 2F
2-1: Foul Ball, location: 2F
2-2: Foul Ball, location: 2F
2-2: Ground out 5-3 (Groundball, 56S)
James Carlson to second
Batting: RHB James Thompson 0-0: Ball
1-0: Ground out U3 (Groundball, 3)
Top of the 6th over - 2 runs, 3 hits, 0 errors, 1 left on base; Broken Arrow HS 3 - Fresno HS 3
BOTTOM OF THE 6TH
Fresno HS Red Wings batting - Pitching for Broken Arrow HS : LHP Arturo Rea
Batting: RHB Chris Myers 0-0: Ball
1-0: Called Strike
1-1: Ball
2-1: Ball
3-1: Base on Balls
Batting: RHB Adrián Velásquez 0-0: Called Strike
0-1: Ball
1-1: Ball
2-1: Ball
3-1: Foul Ball, location: 2F
3-2: Fielders Choice at 2nd, 1-4 (Groundball, 15S)
Batting: RHB Luis Mata 0-0: Ball
Adrián Velásquez steals 2nd base
1-0: Ball
2-0: Foul Ball, location: 2F
2-1: SINGLE (Line Drive, 9S)
Adrián Velásquez to third
Runner from 3rd tries for Home, throw and OUT!
Batting: RHB Mike Peterson 0-0: Ball
1-0: Ball
2-0: Called Strike
2-1: Foul Ball, location: 2F
2-2: Foul Ball, location: 2F
2-2: Foul Ball, location: 2F
2-2: SINGLE (Groundball, 5L) (infield hit)
Luis Mata to second
Batting: RHB Darrell McCoy 0-0: Ball
1-0: Foul Ball, location: 2F
1-1: Ball
2-1: Ground out 6-3 (Groundball, 56)
Bottom of the 6th over - 0 runs, 2 hits, 0 errors, 2 left on base; Broken Arrow HS 3 - Fresno HS 3
TOP OF THE 7TH
Broken Arrow HS batting - Pitching for Fresno HS Red Wings : RHP Ronald Simmons
Batting: RHB Keith Dailey 0-0: Called Strike
0-1: SINGLE (Groundball, 4S) (infield hit)
Batting: RHB Ramón Santos 0-0: Ball
1-0: Called Strike
1-1: Ball
2-1: Fly out, F6 (Line Drive, 6)
Batting: RHB Bo Long 0-0: Foul Ball, location: 2F
0-1: Ball
Keith Dailey is caught stealing 2nd base
1-1: Ball
2-1: Foul Ball, location: 2F
2-2: Ground out 5-3 (Groundball, 56)
Top of the 7th over - 0 runs, 1 hit, 0 errors, 0 left on base; Broken Arrow HS 3 - Fresno HS 3
BOTTOM OF THE 7TH
Fresno HS Red Wings batting - Pitching for Broken Arrow HS : LHP Arturo Rea
Batting: RHB Steven Springer 0-0: DOUBLE (Line Drive, 7LS)
Batting: SHB Xavier Stout 0-0: Ball
1-0: Ball
2-0: Ball
3-0: Called Strike
3-1: Called Strike
3-2: Base on Balls
Batting: RHB Bob Howard 0-0: 3-RUN HOME RUN (Flyball, 8RXD), Distance : 426 ft
Pitching: RHP Rafael Martínez
Batting: RHB José Cómpoz 0-0: Ball
1-0: Swinging Strike
1-1: Swinging Strike
1-2: Strikes out looking
Batting: RHB Chris Myers 0-0: Ball
1-0: Ball
2-0: Ball
3-0: Called Strike
3-1: Foul Ball, location: 2F
3-2: Base on Balls
Batting: RHB Adrián Velásquez 0-0: Ball
1-0: Swinging Strike
1-1: Called Strike
1-2: Ball
2-2: Ball
3-2: SINGLE (Groundball, 6MD)
Chris Myers to second
Runner from 2nd tries for 3rd, SAFE, no throw
Batting: RHB Luis Mata 0-0: Grounds into double play, 6-4-3 (Groundball, 6)
Bottom of the 7th over - 3 runs, 3 hits, 0 errors, 1 left on base; Broken Arrow HS 3 - Fresno HS 6
TOP OF THE 8TH
Broken Arrow HS batting - Pitching for Fresno HS Red Wings : RHP Ronald Simmons
Batting: RHB Donnie Bryan 0-0: Foul Ball, location: 2F
0-1: Called Strike
0-2: Foul Ball, location: 2F
0-2: Ball
1-2: DOUBLE (Flyball, 8LD)
Batting: LHB Brian Lawson 0-0: Ball
1-0: Ball
2-0: Ball
3-0: Base on Balls
Batting: RHB Alejandro Vélez 0-0: Ball
1-0: SINGLE (Groundball, 56S) (infield hit)
Donnie Bryan to third
Brian Lawson to second
Pitching: RHP Juan Morales
Batting: LHB James Carlson 0-0: Called Strike
0-1: Foul Ball, location: 2F
0-2: Ball
1-2: Foul Ball, location: 2F
1-2: Strikes out swinging
Batting: RHB Paul Dowd 0-0: Swinging Strike
0-1: Called Strike
0-2: Ball
1-2: Strikes out swinging
Batting: RHB James Thompson 0-0: Called Strike
0-1: Ball
1-1: Foul Ball, location: 2F
1-2: Ball
2-2: Foul Ball, location: 2F
2-2: Strikes out looking
Top of the 8th over - 0 runs, 2 hits, 0 errors, 3 left on base; Broken Arrow HS 3 - Fresno HS 6
BOTTOM OF THE 8TH
Fresno HS Red Wings batting - Pitching for Broken Arrow HS : RHP Rafael Martínez
Batting: RHB Mike Peterson 0-0: Foul Ball, location: 2F
0-1: Called Strike
0-2: Ball
1-2: Foul Ball, location: 2F
1-2: Ball
2-2: Fly out, F8 (Line Drive, 8LD)
Batting: RHB Darrell McCoy 0-0: Called Strike
0-1: Swinging Strike
0-2: Foul Ball, location: 2F
0-2: Foul Ball, location: 2F
0-2: SINGLE (Groundball, 6MS) (infield hit)
Batting: RHB Steven Springer 0-0: Called Strike
0-1: Called Strike
0-2: Strikes out looking
Darrell McCoy is caught stealing 2nd base
Batter strikes out.
Bottom of the 8th over - 0 runs, 1 hit, 0 errors, 0 left on base; Broken Arrow HS 3 - Fresno HS 6
TOP OF THE 9TH
Broken Arrow HS batting - Pitching for Fresno HS Red Wings : RHP Juan Morales
Pitching: RHP Vic Burton
Batting: RHB Keith Dailey 0-0: Called Strike
0-1: Foul Ball, location: 2F
0-2: Ball
1-2: Foul Ball, location: 2F
1-2: Strikes out swinging
Batting: RHB Ramón Santos 0-0: Ball
1-0: Ball
2-0: Ball
3-0: Called Strike
3-1: Base on Balls
Batting: RHB Bo Long 0-0: Called Strike
0-1: Foul Ball, location: 2F
0-2: Ball
1-2: Strikes out looking
Batting: RHB Donnie Bryan 0-0: Ball
1-0: Called Strike
1-1: Swinging Strike
1-2: Strikes out swinging
Top of the 9th over - 0 runs, 0 hits, 0 errors, 1 left on base; Broken Arrow HS 3 - Fresno HS 6
Saturday, December 16th, 2017 - OOTP Baseball 18.8 Build 76